cohdb
Replays
Latest Replays
All Replays
Popular Replays
Top Player Replays
Match Explorer
How It Works
Community
CoH3 Stats
Reddit
Sign in to upload your games and track your stats! →
Sign in with Steam
Match 41710639
Unlisted
Match 41710639
Overview
Messages
Build Orders
End
Vickers Machine Gun Team
Construct Section Command Post
Infantry Section
Dingo Light Scout Car
Infantry Section
Royal Engineer Section
Construct Platoon Command Post
Humber Armored Car
CMP 15cwt Truck
Light Vehicle Training
Selects Canadian Shock Battlegroup
Selects Attacking Spirit
Selects Canadian Shock Section
Humber Armored Car
Mo-J
Wheeler
scorpion
tompkins
0
0
Comments
sign in to comment!
No comments posted yet!